 Dungeon Crawl Stone Soup version 0.24.0-2-g5b39cebb1c (webtiles) character file.

Game seed: 11048543644520995946, levelgen mode: deterministic

156 Mrkan the Skirmisher (level 5, -2/47 HPs)
             Began as a Minotaur Fighter on Oct 29, 2019.
             Slain by a hobgoblin
             ... wielding a +0 club
             ... led by Robin
              (5 damage)
             ... on level 3 of the Dungeon.
             The game lasted 00:02:48 (1348 turns).

Mrkan the Skirmisher (Minotaur Fighter)             Turns: 1348, Time: 00:02:48

Health: -2/47      AC:  7    Str: 20    XL:     5   Next: 15%
Magic:  4/4        EV:  7    Int:  5    God:
Gold:   111        SH:  9    Dex: 11    Spells: 4/4 levels left

rFire    . . .     SeeInvis .   a - +0 long sword
rCold    . . .     Gourm    .   c - +0 shield
rNeg     . . .     Faith    .   b - +0 scale mail
rPois    .         Spirit   .   (helmet restricted)
rElec    .         Reflect  .   (no cloak)
rCorr    .         Harm     .   (no gloves)
MR       .....                  (no boots)
Stlth    ..........             (no amulet)
HPRegen  0.15/turn              (no ring)
MPRegen  0.09/turn              (no ring)

@: no status effects
A: retaliatory headbutt, horns 2
a: no special abilities


You were on level 3 of the Dungeon.
You were not hungry.

You visited 1 branch of the dungeon, and saw 3 of its levels.

You collected 111 gold pieces.

Inventory:

Hand Weapons
 a - a +0 long sword (weapon)
Armour
 b - a +0 scale mail (worn)
 c - a +0 shield (worn)
Scrolls
 g - a scroll of immolation {unknown}
 k - 3 scrolls of remove curse {unknown}
 l - a scroll of identify {unknown}
 n - a scroll of enchant armour {unknown}
Potions
 d - 2 potions of might
 e - a potion of brilliance {unknown}
 h - a potion of agility {unknown}
 i - 2 potions of resistance {unknown}
 j - 2 potions of curing {unknown}
 m - a potion of berserk rage {unknown}
 p - 2 potions of invisibility {unknown}
 q - a potion of heal wounds {unknown}
Comestibles
 f - 4 rations
 o - 9 chunks of flesh


   Skills:
 + Level 4.5 Fighting
 * Level 4.4 Long Blades
 + Level 4.5 Armour
 + Level 4.5 Shields


You had 4 spell levels left.
You didn't know any spells.
Your spell library contained the following spells:

 Spells                   Type           Power        Failure   Level  Hunger
 Magic Dart               Conj           #...         99%         1    ##.....
 Blink                    Tloc           N/A          100%        2    ###....
 Call Imp                 Summ           #.......     100%        2    ###....
 Slow                     Hex            #.......     100%        2    ###....
 Conjure Flame            Conj/Fire      #.......     100%        3    ####...
 Mephitic Cloud           Conj/Pois/Air  #.......     100%        3    ####...


Dungeon Overview and Level Annotations

Branches:
Dungeon (3/15)

Altars:

Annotations:
D:3 Robin


Innate Abilities, Weirdness & Mutations

You reflexively headbutt those who attack you in melee.
You have a pair of horns on your head.


Message History

Robin throws the goblin at you!
* * * LOW HITPOINT WARNING * * *
The goblin hits you.
* * * LOW HITPOINT WARNING * * *
The goblin barely misses you. You furiously retaliate!
You headbutt the goblin.
You riposte.
You hit the goblin.
You kill the goblin!
You block the goblin's attack.
You hit Robin. You headbutt Robin!
Robin is severely wounded.
You block the hobgoblin's attack. Robin hits you with a +0 dagger.
* * * LOW HITPOINT WARNING * * *
The hobgoblin hits you with a +0 club.
* * * LOW HITPOINT WARNING * * *
You block the goblin's attack. x2
You hit Robin. Your headbutt misses Robin.
Robin is almost dead.
You block the hobgoblin's attack. Robin hits you but does no damage.
The hobgoblin hits you with a +0 club.
You die...

....... ...)... ###
#### ....... ..# #..
......## #.# #.#
#.....# #.# #.#
#.....# #.# #)#
#...gg# ##.###รท#
#...g@###....).#
#...g)g.'...).<#
#....(..#.....#####
......................
................######
................#
......#####.....#
<..... #.....# ......
#....[#


You could see Robin, 2 hobgoblins and 2 goblins.

Vanquished Creatures
  An orc priest (D:3)
  An orc wizard (D:3)
  2 adders (D:2)
  5 worms
  3 dart slugs
  3 leopard geckos (D:2)
  3 orcs (D:3)
  3 bats
  2 giant cockroaches
  16 goblins
  3 hobgoblins
  2 jackals (D:1)
  5 kobolds
  2 ball pythons
  5 rats
56 creatures vanquished.

Notes
Turn   | Place    | Note
-------+----------+-------------------------------------------
     0 | D:1      | Mrkan the Minotaur Fighter began the quest for the Orb.
     0 | D:1      | Reached XP level 1. HP: 19/19 MP: 0/0
     3 | D:1      | You fall into a shaft and drop 1 floor!
    81 | D:2      | Reached XP level 2. HP: 27/27 MP: 1/1
   709 | D:2      | Reached XP level 3. HP: 30/33 MP: 2/2
  1028 | D:2      | Reached XP level 4. HP: 40/40 MP: 3/3
  1312 | D:3      | Reached XP level 5. HP: 28/47 MP: 4/4
  1337 | D:3      | Noticed Robin
  1347 | D:3      | HP: 2/47 [hobgoblin/+0 club[Robin] (3)]
  1348 | D:3      | Slain by a hobgoblin

Levels and vault maps discovered:
D:1:      dpeg_arrival_chambers_temple_mockup, layout_rooms, minmay_hedge_maze
D:2:      layout_loops_ring
D:3:      layout_basic, uniq_robin

Skill      XL: |  1  2  3  4 |
---------------+-------------+-----
Long Blades    | 3 4 |  4.4
Armour         | 4 |  4.5
Fighting       | 4 |  4.5
Shields        | 4 |  4.5

Action                   |  1- 3 |  4- 6 || total
-------------------------+-------+-------++-------
Melee: Long sword        |    71 |    45 ||   116
       Headbutt          |    13 |     7 ||    20
  Eat: Chunk             |       |     2 ||     2
Armor: Scale mail        |    32 |    24 ||    56
Dodge: Dodged            |    24 |    21 ||    45
Block: Shield            |    36 |    31 ||    67
       Rpst.: Long sword |     2 |     5 ||     7
